 Dungeon Crawl Stone Soup version 0.19.3 (webtiles) character file.

7 Alarkh the Conjurer (level 2, -2/20 HPs)
             Began as a Ghoul Conjurer on Jan 22, 2017.
             Slain by a hobgoblin
             ... wielding a +0 club
              (6 damage)
             ... on level 1 of the Dungeon.
             The game lasted 00:00:31 (366 turns).

Alarkh the Conjurer (Ghoul Conjurer)                 Turns: 366, Time: 00:00:32

Health: -2/20      AC:  2    Str: 11    XL:     2   Next: 0%
Magic:  0/4        EV: 12    Int: 10    God:
Gold:   11         SH:  0    Dex:  9    Spells: 1 memorised, 4 levels left

rFire  . . .     SeeInvis .     (no weapon)
rCold  + . .     Gourm    .     a - +0 robe
rNeg   + + +     Faith    .     (no shield)
rPois  ∞         Spirit   .     (no helmet)
rElec  .         Reflect  .     (no cloak)
rCorr  .         Harm     .     (no gloves)
MR     .....                    (no boots)
Stlth  ++........               (no amulet)
                                (no ring)
                                (no ring)

@: very slightly contaminated, rotting
A: rotting body, claws 1, carnivore 3, cold resistance 1, negative energy
resistance 3, slow regeneration 1, torment resistance, unbreathing
a: no special abilities


You were on level 1 of the Dungeon.
You were not hungry.

You visited 1 branch of the dungeon, and saw 1 of its levels.

You collected 11 gold pieces.

Inventory:

Armour
 a - a +0 robe (worn)
Scrolls
 d - a scroll of identify {unknown}
 e - a scroll of magic mapping {unknown}
 f - a scroll of immolation {unknown}
 h - a scroll of recharging {unknown}
Books
 b - a book of Conjurations

   Spells                             Type                      Level
   a - Magic Dart                     Conjuration                  1
   b - Searing Ray                    Conjuration                  2
   c - Dazzling Spray                 Conjuration/Hexes            3
   d - Fulminant Prism                Conjuration/Hexes            4
   e - Iskenderun's Mystic Blast      Conjuration                  4
   f - Iskenderun's Battlesphere      Conjuration/Charms           5
Comestibles
 c - a meat ration
 g - 3 chunks of flesh
 i - a slice of pizza


   Skills:
 - Level 1.7 Dodging
 - Level 2.1 Stealth
 + Level 2.1 Spellcasting
 + Level 3.3 Conjurations


You had 4 spell levels left.
You knew the following spells:

 Your Spells              Type           Power        Failure   Level  Hunger
a - Magic Dart            Conj           #...         10%         1    ##.....


Dungeon Overview and Level Annotations

Branches:
Dungeon (1/15)

Altars:


Innate Abilities, Weirdness & Mutations

Your body is rotting away.
You thrive on raw meat.
You are immune to poison.
You have sharp fingernails.
You are carnivorous and can eat meat at any time.
Your flesh is cold resistant. (rC+)
You are immune to negative energy. (rN+++)
You regenerate slowly when monsters are visible.
You are immune to unholy pain and torment.
You can survive without breathing.


Message History

Confirm with . or Enter, or press ? or * to list all spells.
Aiming: Magic Dart
Press: ? - help, Shift-Dir - straight line, f - hobgoblin
Aim: a hobgoblin, wielding a club The magic dart hits the hobgoblin.
The hobgoblin is moderately wounded.
The hobgoblin hits you with a club.
You are too injured to fight recklessly!
You are too injured to fight recklessly!
You closely miss the hobgoblin.
The hobgoblin is moderately wounded.
The hobgoblin hits you with a club.
* * * LOW HITPOINT WARNING * * *
You closely miss the hobgoblin.
The hobgoblin is moderately wounded.
The hobgoblin misses you.
You scratch the hobgoblin.
The hobgoblin is heavily wounded.
The hobgoblin hits you with a club.
You die...

..............###.##.#
..................##.#
#.##..###...##.#####.#
.............#.# #.#
#.##..###...##.# #.#
#.##..# #...##.#####.##
..##..# #..............
...#..###..##..########
......... #...@g....#
.................####.#
......###..##.##.#
##.##.# #. #. #.#
......... #. #.#
......... .. #.#
##.#..### #. #.#
........ ..# ... ..##


You could see a hobgoblin.

Vanquished Creatures
  A bat (D:1)
  A ball python (D:1)
  A frilled lizard (D:1)
  2 kobolds (D:1)
  4 rats (D:1)
9 creatures vanquished.

Notes
Turn   | Place    | Note
-------+----------+-------------------------------------------
     0 | D:1      | Alarkh the Ghoul Conjurer began the quest for the Orb.
     0 | D:1      | Reached XP level 1. HP: 14/14 MP: 2/2
   353 | D:1      | Reached XP level 2. HP: 20/20 MP: 0/4
   366 | D:1      | Slain by a hobgoblin

Skill      XL: |  1 |
---------------+----+-----
Spellcasting   | 2 |  2.1
Dodging        | |  1.7
Stealth        | |  2.1
Conjurations   | |  3.3

Action                   || total
-------------------------++-------
Melee: Unarmed           ||    23
 Cast: Magic Dart        ||    10
  Eat: Chunk             ||     2
Armor: Robe              ||     3
Dodge: Dodged            ||    16
